 Dungeon Crawl Stone Soup version 0.23.2-1-ga50397a (webtiles) character file.

Game seed: 4019154277368688464

4645 Fang the Fighter (level 10, -2/65 HPs)
             Began as a Gargoyle Berserker on May 20, 2019.
             Was a High Priest of Trog.
             Slain by a sixfirhy (5 damage)
             ... on level 8 of the Dungeon.
             The game lasted 00:08:59 (7390 turns).

Fang the Fighter (Gargoyle Berserker)               Turns: 7390, Time: 00:09:00

Health: -2/65      AC: 25    Str: 25    XL:     10   Next: 43%
Magic:  10/10      EV: 11    Int:  7    God:    Trog [*****.]
Gold:   606        SH:  0    Dex:  9    Spells: 9/9 levels left

rFire    . . .     SeeInvis +   a - +0 hand axe
rCold    . . .     Gourm    .   (no shield)
rNeg     + . .     Faith    .   b - +0 chain mail
rPois    ∞         Spirit   .   f - +2 helmet
rElec    +         Reflect  .   (no cloak)
rCorr    .         Harm     .   (no gloves)
MR       .....                  (no boots)
Stlth    ..........             (no amulet)
HPRegen  0.20/turn              s - ring of see invisible
MPRegen  0.12/turn              C - +4 ring of protection

@: berserk cooldown, slowed, very slow
A: negative energy resistance 1, electricity resistance, unbreathing,
petrification resistance, rot immunity, AC +7
a: Berserk, Trog's Hand, Brothers in Arms, Renounce Religion


You were on level 8 of the Dungeon.
You worshipped Trog.
Trog was extremely pleased with you.
You were hungry.

You visited 2 branches of the dungeon, and saw 9 of its levels.

You collected 606 gold pieces.

Inventory:

Hand Weapons
 a - a +0 hand axe (weapon)
Armour
 b - a +0 chain mail (worn)
 f - a +2 helmet (worn)
Jewellery
 s - a ring of see invisible (left hand)
 t - an uncursed ring of protection from fire
 y - an uncursed ring of resist corrosion
 z - a +3 ring of intelligence
 C - a +4 ring of protection (right hand)
Wands
 w - a wand of iceblast (9)
 x - a wand of disintegration (22)
 G - a wand of enslavement (10)
 H - a wand of random effects (14)
 I - a wand of flame (33)
Scrolls
 g - 6 scrolls of remove curse {unknown}
 j - 2 scrolls of enchant weapon {unknown}
 k - 4 scrolls of teleportation {unknown}
 m - 3 scrolls of identify {unknown}
 o - 3 scrolls of enchant armour {unknown}
 p - 2 scrolls of fog {unknown}
 r - a scroll of brand weapon {unknown}
 u - a scroll of blinking {unknown}
 B - a scroll of immolation {unknown}
 D - 4 scrolls of amnesia {unknown}
Potions
 d - a potion of lignification {unknown}
 e - 2 potions of might {unknown}
 h - 2 potions of heal wounds
 i - a potion of resistance {unknown}
 l - a potion of berserk rage {unknown}
 n - 3 potions of curing {unknown}
 q - 2 potions of magic {unknown}
 v - a potion of haste {unknown}
 A - a potion of invisibility {unknown}
 E - a potion of mutation {unknown}
Comestibles
 c - 14 rations
 F - 6 chunks of flesh


   Skills:
 + Level 8.9 Fighting
 + Level 7.4 Axes
 + Level 8.5 Armour
 + Level 6.4 Dodging


You had 9 spell levels left.
You didn't know any spells.
Your spell library was empty.

Dungeon Overview and Level Annotations

Branches:
Dungeon (8/15)             Temple (1/1) D:6
   Lair: D:8-11

Altars:
Ashenzari
Dithmenos
Elyvilon
Makhleb
Okawaru
Qazlal
Ru
Sif Muna
Trog
Vehumet
Xom
Yredelemnul


Innate Abilities, Weirdness & Mutations

You are resistant to torment.
Your stone body is resilient. (AC +7)
You are immune to poison.
You resist negative energy. (rN+)
You are resistant to electric shocks. (rElec)
You can survive without breathing.
You are immune to petrification.
You are immune to rotting.


Message History

The sixfirhy hits you but does no damage.
The sixfirhy closely misses you.
The sixfirhy hits you but does no damage.
The sixfirhy barely misses you.
You hit the sixfirhy.
The sixfirhy is heavily wounded.
The sixfirhy misses you. x2
The sixfirhy hits you but does no damage. x2
You hit the sixfirhy but do no damage.
The sixfirhy is heavily wounded.
You barely miss the sixfirhy.
The sixfirhy is heavily wounded.
The sixfirhy hits you but does no damage. x3
You completely miss the sixfirhy.
The sixfirhy is moderately wounded.
The sixfirhy hits you but does no damage.
The sixfirhy barely misses you.
The sixfirhy hits you but does no damage. x2
The sixfirhy hits you.
You die...

..............# #.
..............# .... #.
..............# .... #.
..............# ..... #.
..........÷...# #.... #.
##########'#### #.....#.
#.......# ......#. #.......#
......'. +....@..# ......#.
###)#3#.#############.
...#$#...............
.....###...............
.........................
.........................
.........................
######################......
#.............#......#......


You could see a sixfirhy.

Vanquished Creatures
  Pikel (D:6)
  Psyche (D:8)
  Prince Ribbit (D:7)
  Grinder (D:3)
  A hippogriff (D:8)
  Grum (D:8)
  Edmund (D:6)
  A slave (D:6)
  An orc warrior (D:8)
  A sky beast (D:7)
  The ghost of SomaCruz the Changer, an amateur DrTm (D:3)
  5 ogres
  4 wolves (D:8)
  3 centaurs
  5 bullfrogs
  2 water moccasin zombies
  A wight (D:3)
  5 crimson imps
  9 hounds
  3 jellies (D:8)
  3 orc priests
  2 bullfrog skeletons
  3 orc wizards
  A gnoll shaman (D:3)
  Terence (D:2)
  An iguana (D:4)
  4 worker ants
  A worker ant zombie (D:3)
  Robin (D:2)
  9 gnolls (D:3)
  A howler monkey skeleton (D:3)
  9 adders
  7 river rats (D:5)
  A shadow imp (D:6)
  9 oozes
  4 worms
  2 dart slugs (D:2)
  8 leopard geckos
  22 orcs
  7 giant cockroaches
  14 goblins
  8 hobgoblins
  10 jackals
  12 quokkas
  2 ball pythons
  5 bats
  4 frilled lizards
  11 kobolds
  14 rats
224 creatures vanquished.

Vanquished Creatures (others)
  A crimson imp (D:6)
  An adder (D:6)
2 creatures vanquished.

Grand Total: 226 creatures vanquished

Notes
Turn   | Place    | Note
-------+----------+-------------------------------------------
     0 | D:1      | Fang the Gargoyle Berserker began the quest for the Orb.
     0 | D:1      | Reached XP level 1. HP: 14/14 MP: 1/1
   562 | D:1      | Reached XP level 2. HP: 19/19 MP: 2/2
   961 | D:2      | Reached XP level 3. HP: 17/23 MP: 3/3
  1067 | D:2      | Noticed Terence
  1087 | D:2      | Killed Terence
  1087 | D:2      | Reached XP level 4. HP: 13/29 MP: 4/4
  1420 | D:2      | Noticed Robin
  1429 | D:2      | Reached ** piety under Trog
  1436 | D:2      | Killed Robin
  1549 | D:2      | Found a basalt altar of Yredelemnul.
  1593 | D:2      | Found a white marble altar of Elyvilon.
  1642 | D:2      | Reached XP level 5. HP: 33/33 MP: 5/5
  1759 | D:2      | Found a basalt altar of Yredelemnul.
  1761 | D:2      | Found a bloodstained altar of Trog.
  2051 | D:3      | Noticed Grinder
  2066 | D:3      | Paralysed by Grinder for 4 turns
  2076 | D:3      | Killed Grinder
  2076 | D:3      | Reached XP level 6. HP: 28/40 MP: 6/6
  2156 | D:3      | Reached *** piety under Trog
  2533 | D:3      | Reached skill level 5 in Fighting
  2567 | D:3      | Reached XP level 7. HP: 39/44 MP: 7/7
  2702 | D:3      | Found a shattered altar of Ashenzari.
  2747 | D:3      | Found a transporter.
  2778 | D:3      | Found a transporter.
  2779 | D:3      | Noticed SomaCruz's ghost (amateur DrTm)
  2993 | D:3      | Killed SomaCruz's ghost
  2993 | D:3      | Reached skill level 5 in Armour
  3058 | D:4      | Found a shimmering altar of Xom.
  3180 | D:4      | Reached XP level 8. HP: 51/51 MP: 8/8
  3215 | D:4      | Reached **** piety under Trog
  3323 | D:4      | Received a gift from Trog
  3698 | D:4      | Found a stormy altar of Qazlal.
  3707 | D:4      | Reached skill level 5 in Axes
  3950 | D:5      | Entered Level 5 of the Dungeon
  4885 | D:5      | Reached ***** piety under Trog
  5049 | D:6      | Noticed Pikel
  5051 | D:6      | Noticed Edmund
  5059 | D:6      | Reached XP level 9. HP: 56/56 MP: 9/9
  5062 | D:6      | Killed Pikel
  5062 | D:6      | Reached skill level 5 in Dodging
  5066 | D:6      | Killed Edmund
  5400 | D:6      | Found a burning altar of Makhleb.
  5530 | D:6      | Found a staircase to the Ecumenical Temple.
  5541 | Temple   | Entered the Ecumenical Temple
  5554 | D:6      | Found an iron altar of Okawaru.
  5554 | D:6      | Found a sacrificial altar of Ru.
  5554 | D:6      | Found a shadowy altar of Dithmenos.
  5986 | D:7      | Found a deep blue altar of Sif Muna.
  5986 | D:7      | Noticed Prince Ribbit
  5993 | D:7      | Killed Prince Ribbit
  6607 | D:7      | Found a radiant altar of Vehumet.
  6688 | D:8      | Reached XP level 10. HP: 64/64 MP: 10/10
  7095 | D:8      | Noticed Grum
  7130 | D:8      | Killed Grum
  7187 | D:8      | Found a runed translucent door.
  7187 | D:8      | Noticed a sixfirhy
  7189 | D:8      | Noticed Psyche
  7202 | D:8      | Killed Psyche
  7384 | D:8      | HP: 2/65 [sixfirhy (4)]
  7390 | D:8      | Slain by a sixfirhy

Skill      XL: |  1  2  3  4  5  6  7  8  9 10 |
---------------+-------------------------------+-----
Axes           | 3 4 5 6 7 |  7.4
Dodging        | 2 3 4 5 6 |  6.4
Armour         | 3 4 5 6 7 8 |  8.5
Fighting       | 4 5 6 8 |  8.9

Action                   |  1- 3 |  4- 6 |  7- 9 | 10-12 || total
-------------------------+-------+-------+-------+-------++-------
Melee: Hand axe          |    91 |   204 |   682 |   193 ||  1170
Invok: Berserk           |     1 |     3 |     7 |     3 ||    14
       Trog's Hand       |       |       |       |     1 ||     1
  Eat: Chunk             |     1 |     8 |    20 |     6 ||    35
Armor: Animal skin       |    37 |       |       |       ||    37
       Chain mail        |       |   144 |   408 |   196 ||   748
Dodge: Dodged            |    62 |    88 |   365 |   115 ||   630
